AoeStats
← 太阳当空照

Arena

509365342Analyzed
4v4 RM · 7d ago on Sep 26, 2026· 42m 36s· 8 players
Game mode
Random Map
Map size
Large (8 player)
Population
200
Speed
Normal
Resources
Standard
Victory
Conquest
Starting age
Dark Age
Ending age
Imperial Age
RankedLock teamsTeams togetherTeam positionsShared explorationLock speedFull tech treeHidden civsTurbo modeCheats
Victory
Defeat
🇹🇼 Khmer · Taiwan
1325
+11
1273
+13
🇹🇼 Mongols · Taiwan
1271
+13
1071
+21
🇨🇳 Spanish · China
1231
-16
🇨🇳 Franks · China
1224
-15
🇨🇳 Spanish · China
1223
-15
🇨🇳 Persians · China
1141
-12
小虾米
10:41 Feudal Age
8:56 Loom
10:44 Feudal Age
16:47 Castle Age
25:53 Double-Bit Axe
25:58 Horse Collar
30:55 Padded Archer Armor
34:28 Wheelbarrow
36:46 Bow Saw
37:21 Leather Archer Armor
43:44 Imperial Age
41:30 Hand Cart
646257513
11:25 Feudal Age
16:34 Castle Age
16:25 Scale Barding Armor
16:57 Forging
29:25 Imperial Age
27:32 Loom
28:11 Chain Barding Armor
28:27 Iron Casting
30:16 Wheelbarrow
29:27 Town Watch
29:31 Cavalier
30:37 Husbandry
34:41 Plate Barding Armor
34:17 Paladin
36:27 Chemistry
36:33 Blast Furnace
36:08 Hand Cart
35:54 Town Patrol
36:43 Fletching
37:50 Heavy Scorpion
38:38 Bodkin Arrow
10001
3:40 Loom
11:16 Feudal Age
17:17 Castle Age
20:21 Double-Bit Axe
22:42 Horse Collar
25:03 Gold Mining
27:37 Wheelbarrow
28:47 Bow Saw
31:46 Imperial Age
29:32 Husbandry
29:56 Bloodlines
31:15 Forging
31:11 Scale Barding Armor
32:55 Gold Shaft Mining
31:46 Cavalier
33:16 Conscription
33:52 Hand Cart
35:57 Chemistry
39:31 Town Watch
41:00 Two-Man Saw
40:50 Chain Barding Armor
41:08 Iron Casting
40:46 Citadels
41:12 Hoardings
40:37 Murder Holes
40:52 Masonry
40:43 Murder Holes
41:09 Ballistics
40:48 Murder Holes
40:48 Stone Mining
41:07 Town Patrol
41:21 Heavy Plow
42:17 Fletching
43:06 Plate Barding Armor
43:04 Architecture
太阳当空照
11:03 Feudal Age
10:29 Loom
13:52 Man-at-Arms
17:26 Scale Mail Armor
22:22 Double-Bit Axe
27:41 Castle Age
25:40 Horse Collar
26:53 Padded Archer Armor
28:51 Heavy Plow
29:54 Wheelbarrow
37:23 Bloodlines
37:14 Husbandry
38:44 Leather Archer Armor
43:19 Imperial Age
探吉教~NOMO
10:50 Feudal Age
13:56 Castle Age
12:29 Double-Bit Axe
13:02 Loom
14:16 Horse Collar
17:01 Bow Saw
17:43 Scale Barding Armor
19:58 Bloodlines
21:04 Heavy Plow
23:00 Stone Mining
25:18 Wheelbarrow
25:32 Gold Mining
30:28 Imperial Age
29:24 Hand Cart
30:01 Pikeman
31:15 Scale Mail Armor
31:42 Forging
32:37 Chain Mail Armor
32:02 Halberdier
34:51 Iron Casting
34:41 Conscription
37:14 Crop Rotation
38:31 Blast Furnace
40:04 Chain Barding Armor
41:02 Gold Shaft Mining
41:02 Stone Shaft Mining
39:58 Elite Battle Elephant
41:15 Capped Ram
43:01 Plate Barding Armor
42:34 Siege Ram
友善牛牛
7:10 Feudal Age
7:20 Loom
8:14 Double-Bit Axe
11:05 Fletching
13:24 Horse Collar
22:53 Castle Age
24:33 Bow Saw
27:49 Imperial Age
25:37 Bodkin Arrow
26:46 Padded Archer Armor
28:52 Bracer
33:22 Wheelbarrow
33:05 Leather Archer Armor
32:44 Gold Mining
36:38 Chemistry
35:35 Elite Mangudai
36:30 Stone Mining
37:53 Town Watch
40:49 Conscription
39:55 Capped Ram
42:15 Parthian Tactics
41:51 Siege Ram
拉回就是埋點-taco_clement
10:51 Feudal Age
12:19 Double-Bit Axe
14:50 Castle Age
13:21 Horse Collar
16:29 Scale Barding Armor
20:17 Forging
22:09 Bow Saw
22:42 Loom
24:52 Wheelbarrow
25:55 Heavy Plow
26:13 Bloodlines
26:55 Chain Barding Armor
33:05 Imperial Age
32:01 Iron Casting
32:36 Hand Cart
32:21 Gold Mining
32:22 Stone Mining
32:21 Town Watch
32:51 Husbandry
34:33 Conscription
36:00 Plate Barding Armor
35:01 Cavalier
37:31 Two-Man Saw
37:05 Crop Rotation
37:38 Blast Furnace
37:22 Gold Shaft Mining
37:24 Stone Shaft Mining
36:49 Murder Holes
37:28 Savar
38:03 Fletching
39:56 Bodkin Arrow
40:29 Devotion
你失智多年的老杯
5:36 Loom
9:09 Feudal Age
10:49 Fletching
23:47 Castle Age
22:37 Double-Bit Axe
22:34 Horse Collar
25:53 Bow Saw
29:14 Imperial Age
27:31 Gold Mining
29:09 Forging
28:59 Scale Mail Armor
30:04 Wheelbarrow
29:15 Pikeman
30:30 Conscription
30:53 Chain Mail Armor
31:37 Squires
33:20 Plate Mail Armor
33:25 Iron Casting
32:58 Heavy Plow
35:25 Halberdier
36:59 Crop Rotation
37:02 Stone Mining
38:23 Capped Ram
40:05 Iron Casting
41:41 Hand Cart
43:42 Blast Furnace
Connection lost

Rejoining the realm…

Still unreachable

The connection could not be restored.

Session expired

The server has moved on; the page needs a fresh start.